Map: Tokamak LE

Players

ByuN - Winner!

  • Race: Terran Terran
  • Spawn Location: 7:00

Percival

  • Race: Terran Terran
  • Spawn Location: 1:00

VOD

Have the link to the VOD?

Description

Time

  • Played on: July 29, 2025, 9:20 p.m.
  • Length: 10:20
Show
View Real Time Build Order
Export as new Build Order

ByuN Terran - Winner!

Build Orders:  

Get SALT Encoding   

  12  0:00  SCV  
  13  0:12  SCV  
  14  0:16  Supply Depot  
  14  0:24  SCV  
  14  0:27  Refinery  
  15  0:38  SCV  
  16  0:43  Barracks  
  16  0:50  SCV  
  16  0:53  Refinery  
  17  1:02  SCV  
  18  1:14  SCV  
  19  1:30  Reaper, Orbital Command  
  20  1:33  Factory  
  20  1:47  Supply Depot  
  20  1:56  SCV  
  21  2:02  Reaper  
  21  2:08  SCV  
  23  2:17  Hellion  
  23  2:20  SCV  
  26  2:28  Command Center  
  26  2:32  SCV  
  26  2:34  Barracks Reactor  
  27  2:40  Starport  
  27  2:41  Factory Tech Lab  
  27  2:44  SCV  
  27  2:50  Supply Depot  
  28  2:56  SCV  
  29  3:09  SCV  
  29  3:10  Marine  
  29  3:12  Marine, Siege Tank  
  35  3:21  SCV  
  35  3:22  Medivac  
  38  3:28  Marine  
  39  3:39  SCV  
  39  3:40  Orbital Command  
  41  3:43  Refinery  
  41  3:48  Marine x2  
  41  3:50  Factory Tech Lab  
  41  3:52  SCV  
  43  4:03  Supply Depot  
  43  4:04  SCV  
  43  4:06  SCV, Marine x2  
  43  4:07  Raven  
  49  4:11  Cyclone  
  49  4:16  SCV  
  53  4:18  SCV  
  53  4:19  Supply Depot  
  54  4:28  SCV  
  54  4:30  SCV  
  51  4:32  Marine x2  
  53  4:40  SCV  
  53  4:41  Raven  
  53  4:42  SCV  
  57  4:51  Marine  
  57  4:52  SCV, Marine, Siege Tank  
  59  5:00  SCV  
  59  5:07  Command Center, SCV, Supply Depot  
  58  5:11  Marine  
  58  5:12  SCV, Marine  
  58  5:13  Interference Matrix  
  61  5:16  Raven  
  63  5:24  SCV  
  63  5:25  SCV  
  65  5:29  Siege Tank  
  65  5:30  Barracks  
  65  5:32  Barracks  
  68  5:37  Refinery  
  68  5:38  Engineering Bay  
  68  5:40  SCV  
  68  5:41  SCV  
  70  5:42  Engineering Bay  
  70  5:45  Marine x2  
  72  5:53  SCV x2  
  74  6:02  Siege Tank  
  77  6:08  SCV  
  77  6:09  Terran Infantry Weapons Level 1  
  77  6:10  Terran Infantry Armor Level 1, Supply Depot  
  78  6:12  Supply Depot  
  78  6:19  SCV  
  78  6:22  Orbital Command  
  78  6:23  Viking x2  
  83  6:26  Barracks Reactor  
  83  6:28  Marine  
  84  6:40  Siege Tank  
  86  6:50  Marine  
  84  6:55  Viking  
  84  7:00  SCV x2  
  81  7:06  Marine x2  
  81  7:08  Marine  
  84  7:12  Siege Tank  
  84  7:13  SCV x2  
  82  7:17  Viking  
  85  7:24  Marine x2  
  85  7:25  Marine, Barracks Tech Lab, Viking  
  85  7:26  Stimpack  
  85  7:29  SCV  
  91  7:30  SCV  
  91  7:35  Supply Depot  
  89  7:42  SCV x2, Marine x2  
  89  7:43  Marine  
  94  7:44  Marine  
  86  7:57  Siege Tank  
  86  7:59  Marine  
  86  8:00  Marine  
  86  8:01  Marine  
  86  8:02  Marine  
  86  8:04  Viking  
  86  8:05  Combat Shield  
  90  8:15  SCV x2  
  90  8:17  Marine  
  90  8:18  Marine  
  90  8:19  Marine  
  95  8:20  Marine  
  95  8:27  SCV x2  
  89  8:30  Siege Tank  
  82  8:35  Marine x2, Medivac, Orbital Command  
  82  8:37  Marine  
  82  8:38  Marine  
  82  8:39  SCV x2  
  90  8:41  Armory  
  90  8:43  Barracks  
  88  8:51  SCV x2  
  88  8:53  Marine x2  
  88  8:54  Marine  
  93  9:01  Marine  
  94  9:03  SCV x2  
  94  9:04  SCV  
  94  9:06  Medivac x2  
  101  9:10  Barracks  
  101  9:11  Marine x2, Siege Tank  
  101  9:12  Marine  
  101  9:15  SCV x2  
  101  9:16  SCV  
  110  9:27  SCV x2  
  110  9:28  SCV  
  109  9:32  Marine x2  
  109  9:34  Barracks Reactor  
  109  9:37  Supply Depot  
  109  9:38  Supply Depot  
  111  9:39  SCV  
  111  9:43  SCV x2  
  112  9:45  Marine  
  112  9:47  Command Center  
  112  9:48  Marine  
  112  9:50  Marine x2  
  112  9:55  SCV  
  106  10:13  Refinery x2  
Show
View Real Time Build Order
Export as new Build Order

Percival Terran 

Build Orders: Reaper Expand 

Get SALT Encoding   

  12  0:00  SCV  
  13  0:13  SCV  
  14  0:17  Supply Depot  
  14  0:25  SCV  
  15  0:38  SCV  
  15  0:39  Barracks  
  15  0:42  Refinery  
  16  0:50  SCV  
  17  1:02  SCV  
  18  1:14  SCV  
  19  1:26  Orbital Command, Reaper  
  20  1:41  Command Center  
  20  1:52  SCV, Supply Depot  
  21  1:58  Marine  
  22  2:05  SCV  
  23  2:09  Factory  
  23  2:17  SCV  
  23  2:19  Bunker  
  23  2:22  Barracks Reactor  
  24  2:28  Refinery  
  24  2:29  SCV  
  25  2:41  SCV  
  26  2:52  Orbital Command  
  26  2:53  SCV  
  26  2:54  Hellion  
  26  2:55  Starport  
  29  2:59  Marine  
  29  3:00  Marine  
  29  3:05  SCV  
  31  3:17  SCV  
  31  3:18  Refinery  
  32  3:21  Marine x2  
  32  3:23  Factory Tech Lab  
  32  3:26  SCV  
  35  3:29  SCV  
  35  3:31  Starport Tech Lab  
  36  3:36  Supply Depot  
  36  3:38  SCV  
  37  3:41  SCV, Marine x2  
  37  3:45  Cyclone  
  43  3:49  Raven  
  43  3:51  SCV  
  46  3:56  Interference Matrix  
  46  3:58  SCV  
  46  4:01  Supply Depot  
  47  4:05  SCV  
  47  4:07  Marine x2  
  50  4:10  SCV  
  50  4:11  Refinery  
  54  4:17  Cyclone  
  54  4:22  SCV x2  
  48  4:34  SCV x2, Raven  
  51  4:46  SCV x2  
  51  4:47  Marine  
  51  4:48  Marine  
  51  4:50  Siege Tank  
  56  4:58  SCV x2  
  54  5:03  Refinery, Starport  
  54  5:10  SCV, Supply Depot  
  54  5:11  SCV, Supply Depot  
  56  5:22  SCV  
  56  5:23  Viking  
  56  5:24  Liberator  
  62  5:30  Supply Depot  
  62  5:31  SCV  
  62  5:32  Supply Depot  
  62  5:35  SCV  
  64  5:37  Marine, Siege Tank  
  68  5:43  SCV  
  68  5:46  Supply Depot, Viking  
  68  5:47  SCV, Supply Depot  
  70  5:55  SCV  
  71  5:59  SCV, Viking  
  71  6:07  Viking  
  71  6:10  SCV  
  74  6:14  Siege Tank  
  74  6:15  Command Center  
  74  6:18  SCV  
  78  6:24  Viking  
  77  6:26  SCV  
  77  6:28  Marine  
  77  6:30  SCV  
  80  6:39  SCV  
  78  6:42  SCV  
  78  6:46  Siege Tank  
  82  6:51  SCV  
  82  6:54  SCV  
  82  6:55  Marine, Viking x2  
  82  6:59  Viking  
  88  7:06  SCV  
  88  7:07  SCV  
  88  7:14  Marine  
  81  7:18  Stimpack  
  81  7:20  SCV x2  
  81  7:22  Barracks  
  83  7:24  Barracks  
  83  7:27  Siege Tank  
  86  7:32  SCV x2  
  86  7:36  Marine  
  89  7:37  Viking  
  89  7:40  Viking  
  93  7:44  SCV x2  
  81  7:54  Marine  
  77  7:59  Viking, Siege Tank  
  77  8:02  SCV x2  
  82  8:10  Engineering Bay x2  
  81  8:13  Barracks Reactor x2  
  81  8:14  SCV x2  
  81  8:16  Marine  
  81  8:26  SCV  
  77  8:33  Siege Tank  
  68  8:34  Viking x2  
  68  8:35  Viking  
  68  8:38  SCV  
  76  8:41  Orbital Command  
  76  8:42  SCV  
  76  8:47  Marine  
  75  8:50  SCV  
  76  8:56  Marine x2  
  76  8:59  Marine  
  76  9:00  Marine  
  78  9:05  SCV x2  
  78  9:07  SCV  
  79  9:14  Marine x2  
  79  9:16  Viking x2  
  85  9:19  Viking  
  85  9:22  SCV x2  
  88  9:25  Marine x3  
  91  9:31  Marine x2  
  91  9:33  SCV, Refinery  
  91  9:34  SCV x2, Refinery  
  96  9:38  Supply Depot  
  96  9:39  Supply Depot  
  96  9:42  Marine, Siege Tank  
  91  9:45  SCV  
  91  9:46  SCV  
  91  9:48  SCV  
  79  9:58  SCV x2  
  70  10:04  SCV  
Tags
 
Matchup
TvT
Race
Terran
Spawn Locations
Cross Positions
Add a new tag
Caveats
  • Supply blocks, unpowered buildings, or Contaminate may cause inaccurate times.
  • Supply counts are checked every 10 seconds.